 Dungeon Crawl Stone Soup version 0.25.1-2-g60ff931df9 (webtiles) character file.

Game seed: 15225879483163594721

58452 DogServant the Grappler (level 14, -4/132 HPs)
             Began as a Naga Transmuter on Oct 19, 2020.
             Was the Champion of Cheibriados.
             Killed by divine providence
             ... invoked by a smoke demon
             ... summoned by an orc high priest
              (14 damage)
             ... on level 2 of the Orcish Mines.
             The game lasted 01:02:12 (27913 turns).

DogServant the Grappler (Naga Transmuter)          Turns: 27913, Time: 01:02:14

Health: -4/132     AC: 16    Str: 48    XL:     14   Next: 90%
Magic:  2/25       EV: 12    Int: 31    God:    Cheibriados [******]
Gold:   2529       SH:  9    Dex: 26    Spells: 5/27 levels left

rFire    . . .     SeeInvis +     - Unarmed
rCold    x . .     Gourm    .   (shield currently unavailable)
rNeg     . . .     Faith    .   I - +2 scale mail "Wevazi" {rElec rC- Str+5}
rPois    +         Spirit   .   K - +2 hat
rElec    +         Reflect  +   A - +0 cloak
rCorr    .         Harm     .   (gloves currently unavailable)
MR       ++...                  (no barding)
Stlth    +.........             u - amulet of reflection
HPRegen  0.32/turn              B - +6 ring of strength
MPRegen  0.19/turn              v - +6 ring of strength

@: blade hands, studying Throwing, very slow
A: large, large bone plates 1, molten scales 1, see invisible, deformed body,
magic resistance 1, sense surroundings 1, poison resistance, electricity
resistance, slowness 2, slow metabolism 1, spit poison 1, constrict 1, AC +4
a: Spit Poison, End Transformation, Bend Time, Temporal Distortion, Slouch, Step
From Time, Renounce Religion


You were on level 2 of the Orcish Mines.
You worshipped Cheibriados.
Cheibriados was exalted by your worship.
You were hungry.
You had blades for hands.
You visited 4 branches of the dungeon, and saw 21 of its levels.

You collected 3403 gold pieces.
You spent 874 gold pieces at shops.

Inventory:

Missiles
 a - 311 arrows
 e - 7 curare-tipped darts (quivered)
 O - 4 javelins
Armour
 r - a +0 pair of gloves (melded)
 A - a +0 cloak (worn)
 I - the +2 scale mail "Wevazi" (worn) {rElec rC- Str+5}
   (You found it on level 9 of the Dungeon)

   It affects your strength (+5).
   It makes you vulnerable to cold.
   It insulates you from electricity.
 K - a +2 hat (worn)
 W - a +10 plate armour of ponderousness
Magical Staves
 J - an uncursed staff of summoning
Jewellery
 q - a +6 ring of intelligence
 u - an amulet of reflection (around neck)
 v - a +6 ring of strength (right scythe-like blade)
 B - a +6 ring of strength (left scythe-like blade)
Wands
 b - a wand of digging (3)
 f - a wand of flame (40)
 t - a wand of clouds (12)
 y - a wand of disintegration (33)
 F - a wand of iceblast (24)
 R - a wand of enslavement (10)
 S - a wand of acid (3)
Scrolls
 j - 3 scrolls of enchant armour
 k - 7 scrolls of identify
 m - a scroll of fear
 o - 12 scrolls of remove curse
 x - 4 scrolls of amnesia
 D - 4 scrolls of teleportation
 H - a scroll of magic mapping
 N - a scroll of fog
Potions
 c - a potion of lignification
 g - 2 potions of might
 h - 5 potions of cancellation
 i - 9 potions of curing
 l - a potion of magic
 n - 4 potions of flight
 p - 2 potions of resistance
 s - 3 potions of brilliance
 w - 2 potions of stabbing
 M - a potion of ambrosia
Books
 z - a manual of Throwing
Comestibles
 d - 28 rations
 C - 11 chunks of flesh


   Skills:
 - Level 10.0 Fighting
   Level 0.0 Short Blades
 - Level 5.4 Armour
 - Level 4.0 Dodging
 + Level 12.3 Unarmed Combat
 - Level 7.4 Spellcasting
 + Level 11.9 Transmutations
 - Level 8.0 Ice Magic
 - Level 2.0 Poison Magic
 - Level 10.0 Invocations
 - Level 5.0 Evocations


You had 5 spell levels left.
You knew the following spells:

 Your Spells              Type           Power        Failure   Level  Hunger
a - Beastly Appendage     Tmut           ######       5%          1    None
b - Sticks to Snakes      Tmut           ######..     6%          2    None
c - Spider Form           Tmut/Pois      ######....   16%         3    None
d - Blade Hands           Tmut           ######....   17%         5    ####...
e - Ice Form              Ice/Tmut       ######..     16%         4    #......
f - Dragon Form           Tmut           ######....   80%         7    #######

Your spell library contained the following spells:

 Spells                   Type           Power        Failure   Level  Hunger
 Animate Skeleton         Necr           N/A          38%         1    None
 Apportation              Tloc           ##....       38%         1    None
 Corona                   Hex            ##.....      38%         1    None
 Shock                    Conj/Air       ##..         38%         1    None
 Summon Small Mammal      Summ           ##..         38%         1    None
 Corpse Rot               Necr/Air       N/A          45%         2    None
 Swiftness                Chrm/Air       ##......     45%         2    None
 Irradiate                Conj/Tmut      #####.....   56%         5    ####...
 Static Discharge         Conj/Air       ##......     63%         3    None
 Stone Arrow              Conj/Erth      ##....       63%         3    None
 Airstrike                Air            ##........   89%         4    #......
 Lightning Bolt           Conj/Air       ##........   99%         5    ####...
 Summon Forest            Summ/Tloc      ##........   99%         5    ####...
 Hydra Form               Tmut           ######....   41%         6    ######.
 Eringya's Noxious Bog    Tmut/Pois      ######....   87%         6    ######.
 Statue Form              Tmut/Erth      #####....    94%         6    ######.
 Summon Hydra             Summ           ##........   100%        7    #######


Dungeon Overview and Level Annotations

Branches:
Dungeon (12/15)            Temple (1/1) D:5            Lair (6/6) D:8
  Swamp (0/4) Lair:2        Snake (0/4) Lair:2        Slime (0/5) Lair:6
    Orc (2/2) D:12            Elf (0/3) Orc:2

Altars:
Ashenzari
Cheibriados
Dithmenos
Elyvilon
Fedhas
Gozag
Hepliaklqana
Kikubaaqudgha
Makhleb
Nemelex Xobeh
Okawaru
Qazlal
Ru
Sif Muna
Trog
Uskayaw
Vehumet
Wu Jian
Xom
Yredelemnul
Zin
The Shining One
Jiyva

Shops:
D:8 :   Orc:1 !

Annotations:
D:5 exclusion: statue
D:7 2 transporters, lysyklops's ghost, novice DrCj
D:11 3 runed translucent doors, Texkoz's ghost, journeyman KoHu
Lair:6 4 runed translucent doors, Curus's ghost, journeyman TrBe


Innate Abilities, Weirdness & Mutations

You cannot wear boots.
Your serpentine skin is tough. (AC +4)
You have supernaturally acute eyesight. (SInv)
Armour fits poorly on your strangely shaped body.
Your system is resistant to poisons. (rPois)
You cover ground very slowly.
You have a slow metabolism.
You can spit poison.
You can use your snake-like lower body to constrict enemies.
You are partially covered in large bone plates. (SH +4)
You are partially covered in molten scales. (AC +2)
You are resistant to hostile enchantments. (MR+)
You passively map a small area around you.
You are resistant to electric shocks. (rElec)


Message History

Aiming: Disintegrate
Press: ? - help, Shift-Dir - straight line, f - orc high priest
Aim: an orc high priest, wielding a +0 glaive (lightly wounded, strong, chance to defeat MR: 51%)
The orc high priest resists with significant effort.
The orc high priest no longer looks unusually strong.
You block the orange demon's attack.
An orc high priest comes into view. It is wielding a +0 long sword.
The orc high priest shouts!
The orc high priest closely misses you. The smoke demon gestures at you.
Beogh smites you!
* * * LOW HITPOINT WARNING * * *
You block the orange demon's attack.
An orc sorcerer comes into view. It is wielding a +0 dagger.
The orange demon stings you but does no damage.
The orange demon hits you but does no damage.
The orc high priest hits you but does no damage.
The smoke demon gestures at you. Beogh smites you!
You die...

...÷# .....##*
...÷...*
oo.÷...##
).÷.[3## ,,
.))4.# ∩,, ,
#o))## * ,,,
#@4.# *
,*##)..#
###.)..#
#######.)...##
#......)...##
#.........##
###.......###
##........##
#..........##


You could see 2 orc high priests, 2 orange demons, a smoke demon (summoned) and
an orc sorcerer.

Vanquished Creatures
  Gastronok (D:11)
  An orc warlord (Orc:1)
  Nessos (Lair:5)
  4 dire elephants (Lair:6)
  An ettin (Orc:1)
  2 hydras (Lair:6)
  A centaur warrior (D:9)
  An anaconda (Lair:6)
  2 two-headed ogres
  Erica (D:9)
  An orc high priest (Orc:2)
  2 unseen horrors
  Pikel (D:9)
  4 orc knights (Orc:2)
  An ugly thing (D:11)
  2 deep elf magi (D:12)
  4 orc sorcerers (Orc:2)
  6 black mambas
  2 centaur zombies
  Joseph (D:8)
  8 elephants
  Psyche (D:8)
  5 spiny frogs
  2 kobold demonologists (D:9)
  6 komodo dragons
  2 ice devils (Orc:1)
  3 rime drakes
  4 trolls
  Prince Ribbit (Lair:3)
  3 blink frogs (Lair:3)
  6 hippogriffs
  4 slime creatures (D:12)
  4 wyverns (D:9)
  3 basilisks
  40 yaks
  3 wargs
  21 water moccasins
  Duvessa (D:4)
  4 porcupines
  26 orc warriors
  4 sky beasts
  A swamp drake (Lair:2)
  4 ice beasts
  4 black bears
  9 ogres
  A phantom (D:5)
  37 wolves
  2 necrophages
  6 centaurs
  17 crocodiles
  4 big kobolds
  12 bullfrogs
  Dowan (D:4)
  5 scorpions
  14 killer bees
  5 wights (D:6)
  5 howler monkeys
  4 crimson imps
  A bullfrog zombie (D:7)
  2 quasits
  A jelly (D:10)
  22 orc priests
  2 bullfrog skeletons
  9 hounds
  34 orc wizards
  A gnoll shaman (D:7)
  Jessica (D:2)
  2 hell rats (Lair:1)
  4 iguanas
  21 worker ants
  2 killer bee zombies
  2 centaur simulacra (D:9)
  A hound zombie (D:11)
  A hound skeleton (D:8)
  Robin (D:2)
  A worker ant zombie (D:7)
  2 howler monkey skeletons
  10 gnolls
  15 adders
  12 river rats (Lair:1)
  3 shadow imps
  2 oozes
  4 adder skeletons
  2 dart slugs
  77 orcs
  5 giant cockroaches
  14 goblins
  11 hobgoblins
  10 jackals
  8 quokkas
  3 ball pythons
  9 bats
  7 frilled lizards
  25 kobolds
  2 leopard gecko skeletons
  8 rats
  A plant (Lair:6)
659 creatures vanquished.

Vanquished Creatures (collateral kills)
  A centaur warrior (D:9)
  Grinder (D:4)
  An orc wizard (D:5)
  Terence (D:2)
  An adder (D:2)
  An orc (D:9)
  3 goblins (D:2)
9 creatures vanquished.

Vanquished Creatures (others)
  2 slaves (D:9)
  An orc (D:9)
  A jackal (D:9)
  7 fungi
  9 plants
20 creatures vanquished.

Grand Total: 688 creatures vanquished

Notes
Turn   | Place    | Note
-------+----------+-------------------------------------------
     0 | D:1      | DogServant the Naga Transmuter began the quest for the Orb.
     0 | D:1      | Reached XP level 1. HP: 18/18 MP: 3/3
   371 | D:1      | Reached XP level 2. HP: 25/25 MP: 5/5
   456 | D:1      | Learned a level 2 spell: Sticks to Snakes
  1001 | D:2      | Noticed Jessica
  1008 | D:2      | Killed Jessica
  1008 | D:2      | Reached skill level 4 in Unarmed Combat
  1008 | D:2      | Reached XP level 3. HP: 31/31 MP: 3/6
  1186 | D:2      | Reached XP level 4. HP: 27/38 MP: 7/7
  1190 | D:2      | Noticed Robin
  1208 | D:2      | Killed Robin
  1479 | D:2      | Noticed Terence
  1494 | D:2      | Killed Terence
  1939 | D:2      | Found a shimmering blue altar of Sif Muna.
  1995 | D:2      | Found a faded altar of an unknown god.
  2076 | D:2      | Reached XP level 5. HP: 26/44 MP: 4/8
  2838 | D:3      | Found a white marble altar of Elyvilon.
  3206 | D:3      | Found a glowing golden altar of the Shining One.
  3208 | D:3      | Noticed an angel
  3253 | D:3      | Found a basalt altar of Yredelemnul.
  3969 | D:4      | Noticed Duvessa
  3975 | D:4      | Learned a level 3 spell: Spider Form
  4006 | D:4      | Noticed Dowan
  4016 | D:4      | Killed Duvessa
  4016 | D:4      | Reached skill level 5 in Unarmed Combat
  4016 | D:4      | Reached XP level 6. HP: 43/54 MP: 4/9
  4025 | D:4      | Killed Dowan
  4505 | D:4      | Reached XP level 7. HP: 41/62 MP: 7/10
  4956 | D:4      | Noticed Grinder
  4969 | D:4      | Killed Grinder
  4969 | D:4      | Reached skill level 5 in Transmutations
  5389 | D:5      | Entered Level 5 of the Dungeon
  5430 | D:5      | Reached skill level 6 in Unarmed Combat
  5683 | D:5      | Found a radiant altar of Vehumet.
  5755 | D:5      | Reached XP level 8. HP: 37/72 MP: 3/11
  6192 | D:5      | Reached skill level 1 in Poison Magic
  6348 | D:5      | Found a staircase to the Ecumenical Temple.
  6358 | Temple   | Entered the Ecumenical Temple
  6502 | Temple   | Became a worshipper of Cheibriados the Contemplative
  7344 | D:5      | Reached skill level 1 in Invocations
  7677 | D:5      | Reached * piety under Cheibriados
  8183 | D:6      | Learned a level 5 spell: Blade Hands
  8543 | D:6      | Reached skill level 7 in Unarmed Combat
  8916 | D:6      | Reached XP level 9. HP: 69/79 MP: 12/12
  9375 | D:6      | Reached ** piety under Cheibriados
  9714 | D:7      | Reached skill level 8 in Unarmed Combat
 10020 | D:7      | Found a sparkling altar of Nemelex Xobeh.
 10247 | D:7      | Reached *** piety under Cheibriados
 10391 | D:7      | Found a transporter.
 10395 | D:7      | Identified the +6 great mace "Yrgheats" {holy, rF+}
 10395 | D:7      | Noticed a two-headed ogre
 10449 | D:7      | Found a bloodstained altar of Trog.
 10449 | D:7      | Noticed lysyklops's ghost (novice DrCj)
 10450 | D:7      | Identified the +5 trident of Bunoo {antimagic, +Blink rC+}
 10450 | D:7      | Noticed a moth of wrath
 10456 | D:7      | Found a transporter.
 10458 | D:7      | Noticed a cyclops
 10835 | D:7      | Reached XP level 10. HP: 51/86 MP: 12/16
 11028 | D:8      | Learned a level 4 spell: Ice Form
 11155 | D:8      | Got an ichor-stained robe
 11166 | D:8      | Identified the cursed +1 robe "Badidas" {*Contam *Slow
                  | MR+++ rCorr} (You found it on level 8 of the Dungeon)
 11180 | D:8      | Reached skill level 9 in Unarmed Combat
 11180 | D:8      | Reached skill level 1 in Ice Magic
 11201 | D:8      | Reached **** piety under Cheibriados
 11567 | D:8      | Noticed Joseph
 11569 | D:8      | Noticed a two-headed ogre
 11574 | D:8      | Killed Joseph
 11577 | D:8      | Killed a two-headed ogre
 11896 | D:8      | Found Sayt's Book Emporium.
 11905 | D:8      | Reached skill level 10 in Unarmed Combat
 12261 | D:8      | Reached skill level 5 in Fighting
 12343 | D:8      | Reached skill level 5 in Ice Magic
 12403 | D:8      | Noticed Psyche
 12409 | D:8      | Killed Psyche
 12529 | D:8      | Found a staircase to the Lair.
 12693 | D:9      | Reached ***** piety under Cheibriados
 12792 | D:9      | Reached XP level 11. HP: 95/95 MP: 17/17
 12795 | D:9      | Noticed an unseen horror
 12802 | D:9      | Killed an unseen horror
 13135 | D:9      | Noticed a centaur warrior
 13148 | D:9      | HP: 3/96 [centaur warrior/arrow (14)]
 13165 | D:9      | Killed a centaur warrior
 13182 | D:9      | Reached skill level 11 in Unarmed Combat
 13570 | D:9      | Noticed a centaur warrior
 13575 | D:9      | Killed a centaur warrior
 13599 | D:9      | Got a glimmering scale mail
 13617 | D:9      | Identified the +2 scale mail "Wevazi" {rElec rC- Str+5}
                  | (You found it on level 9 of the Dungeon)
 13637 | D:9      | Gained mutation: Your magical capacity is low. (-10% MP)
                  | [mutagenic glow]
 13777 | D:9      | Noticed a two-headed ogre
 13789 | D:9      | Killed a two-headed ogre
 13862 | D:9      | Noticed Pikel
 13867 | D:9      | Killed Pikel
 13867 | D:9      | Reached skill level 5 in Invocations
 13905 | D:9      | Found a sacrificial altar of Ru.
 13953 | D:9      | Noticed Erica
 13958 | D:9      | Killed Erica
 14522 | D:10     | Entered Level 10 of the Dungeon
 14782 | D:10     | Reached XP level 12. HP: 48/109 MP: 12/16
 14811 | D:10     | Reached ****** piety under Cheibriados
 15392 | D:10     | Reached skill level 1 in Armour
 16161 | D:9      | Gained mutation: You tend to lose your temper in combat.
                  | [mutagenic glow]
 16333 | D:9      | Found a hazy altar of Hepliaklqana.
 16628 | D:11     | Found a runed translucent gate.
 16628 | D:11     | Found a runed translucent gate.
 16628 | D:11     | Found a runed translucent gate.
 16629 | D:11     | Noticed Texkoz's ghost (journeyman KoHu)
 16700 | D:11     | Noticed Gastronok
 16710 | D:11     | Killed Gastronok
 18252 | D:12     | Found a staircase to the Orcish Mines.
 18514 | D:12     | Reached skill level 1 in Evocations
 18910 | D:12     | Gained mutation: You can use your snake-like lower body to
                  | constrict enemies. [Naga growth]
 18910 | D:12     | Reached XP level 13. HP: 111/121 MP: 12/17
 19220 | Lair:1   | Entered Level 1 of the Lair of Beasts
 20280 | Lair:1   | Lost mutation: Your magical capacity is low. (-10% MP)
                  | [potion of mutation]
 20280 | Lair:1   | Lost mutation: You tend to lose your temper in combat.
                  | [potion of mutation]
 20280 | Lair:1   | Gained mutation: You have a pair of small horns on your
                  | head. [potion of mutation]
 20280 | Lair:1   | Gained mutation: Your body sometimes deteriorates upon
                  | taking damage. [potion of mutation]
 20280 | Lair:1   | Gained mutation: You have a pair of horns on your head.
                  | [potion of mutation]
 20281 | Lair:1   | Lost mutation: You have a pair of horns on your head.
                  | [potion of mutation]
 20281 | Lair:1   | Gained mutation: You are somewhat resistant to further
                  | mutation. [potion of mutation]
 20281 | Lair:1   | Gained mutation: You are partially covered in molten
                  | scales. (AC +2) [potion of mutation]
 20282 | Lair:1   | Lost mutation: Your body sometimes deteriorates upon taking
                  | damage. [potion of mutation]
 20282 | Lair:1   | Lost mutation: You are somewhat resistant to further
                  | mutation. [potion of mutation]
 20282 | Lair:1   | Lost mutation: You have a pair of small horns on your head.
                  | [potion of mutation]
 20282 | Lair:1   | Gained mutation: You are resistant to electric shocks.
                  | (rElec) [potion of mutation]
 20282 | Lair:1   | Gained mutation: You are partially covered in large bone
                  | plates. (SH +4) [potion of mutation]
 20282 | Lair:1   | Gained mutation: You are resistant to hostile enchantments.
                  | (MR+) [potion of mutation]
 20282 | Lair:1   | Gained mutation: You passively map a small area around you.
                  | [potion of mutation]
 20356 | Lair:2   | Reached skill level 5 in Armour
 20683 | Lair:2   | Found a staircase to the Snake Pit.
 21064 | Lair:2   | Found a staircase to the Swamp.
 21128 | D:8      | Bought a book of Transfigurations for 770 gold pieces
 21817 | Lair:3   | Noticed Prince Ribbit
 21824 | Lair:3   | Killed Prince Ribbit
 21824 | Lair:3   | Reached skill level 10 in Fighting
 22619 | Lair:4   | Reached skill level 5 in Evocations
 23003 | Lair:4   | Reached skill level 10 in Invocations
 23024 | Lair:4   | Identified the +8 halberd of the Howling Pill Bug {vorpal,
                  | rN+ Int+2 Dex+3} (You found it on level 4 of the Lair of
                  | Beasts)
 23320 | Lair:5   | Reached skill level 5 in Spellcasting
 23323 | Lair:5   | Reached XP level 14. HP: 113/132 MP: 14/22
 23410 | Lair:5   | Reached skill level 10 in Transmutations
 23626 | Lair:5   | Noticed Nessos
 23629 | Lair:5   | Killed Nessos
 24478 | Lair:6   | Entered Level 6 of the Lair of Beasts
 24504 | Lair:6   | Learned a level 7 spell: Dragon Form
 25221 | Lair:6   | Found a runed translucent gate.
 25221 | Lair:6   | Found a runed translucent gate.
 25221 | Lair:6   | Found a runed translucent gate.
 25227 | Lair:6   | Noticed Curus's ghost (journeyman TrBe)
 25565 | Lair:6   | Found a runed translucent door.
 25565 | Lair:6   | Found a viscous altar of Jiyva.
 25565 | Lair:6   | Found a staircase to the Slime Pits.
 25565 | Lair:6   | Noticed an acid blob
 25565 | Lair:6   | Noticed an acid blob
 25565 | Lair:6   | Noticed an acid blob
 25565 | Lair:6   | Noticed an acid blob
 25786 | Lair:6   | Noticed a dire elephant
 25794 | Lair:6   | Killed a dire elephant
 25818 | Lair:6   | Noticed a dire elephant
 25818 | Lair:6   | Noticed a dire elephant
 25823 | Lair:6   | Killed a dire elephant
 25827 | Lair:6   | Killed a dire elephant
 26326 | Lair:6   | Noticed a dire elephant
 26333 | Lair:6   | Killed a dire elephant
 26602 | Orc:1    | Entered Level 1 of the Orcish Mines
 26739 | Orc:1    | Found Doichoag's Distillery.
 26743 | Orc:1    | Noticed an orc warlord
 26752 | Orc:1    | Killed an orc warlord
 26770 | Orc:1    | Bought a potion of curing for 39 gold pieces
 26770 | Orc:1    | Bought a potion of heal wounds for 65 gold pieces
 26886 | Orc:1    | Found a frozen archway.
 27243 | Orc:2    | Entered Level 2 of the Orcish Mines
 27389 | Orc:2    | Found a bloodstained altar of Trog.
 27435 | Orc:2    | Found a staircase to the Elven Halls.
 27567 | Orc:2    | Reached skill level 12 in Unarmed Combat
 27913 | Orc:2    | Killed from afar by a smoke demon

Illustrated notes

Levels and vault maps discovered:
D:1:      onia_arrival_pentagram, layout_basic, minivault_4, minmay_pentomino_p4
D:2:      layout_basic, lemuel_round_altar, first_ration,
          chequers_ecumenical_altar_island, uniq_jessica, uniq_robin,
          uniq_terence
D:3:      layout_basic, lemuel_doored_altar, grunt_temple_overflow_holy_war
D:4:      layout_basic, uniq_duvessa, uniq_grinder
D:5:      layout_basic, vehumet_statue, minmay_temple_entry_junction,
          minmay_manual_moon
D:6:      layout_loops_ring, chequers_garden
D:7:      layout_loops_cross, basic_altar, gammafunk_ghost_wrathful_warriors
D:8:      layout_loops_ring, lair_entry_dummy, serial_shops,
          nicolae_shop_crystal, uniq_psyche, uniq_joseph
D:9:      minmay_the_grid_square_5x5_4x4
          [minmay_the_grid_square_5x5_pentomino_r,
          minmay_the_grid_square_5x5_fancy_junction,
          minmay_the_grid_square_5x5_beaten_path,
          minmay_the_grid_square_5x5_sharp_hourglass,
          minmay_the_grid_square_5x5_percent,
          minmay_the_grid_square_5x5_prize_waves,
          minmay_the_grid_square_5x5_prize_itemx,
          minmay_the_grid_square_5x5_eight,
          minmay_the_grid_square_5x5_six_small,
          minmay_the_grid_square_5x5_prize_gold,
          minmay_the_grid_square_5x5_prize_open,
          minmay_the_grid_square_5x5_seven,
          minmay_the_grid_square_5x5_trominoes,
          minmay_the_grid_square_5x5_one_wall,
          minmay_the_grid_square_5x5_two_walls_b,
          minmay_the_grid_square_5x5_n_small], layout_cross,
          nicolae_ru_great_annihilating_truth, nicolae_overflow_hidden_temple,
          uniq_erica, uniq_pikel
D:10:     layout_loops_ring, grunt_ogre_cave, kennysheep_dice
D:11:     layout_loops_ring, special_room [special_room_orc], enter_bailey_3,
          gammafunk_ghost_necromancy, minmay_misc_feat_doors, minivault_11,
          uniq_gastronok
D:12:     layout_layer_cave, orc_0_dummy, columned_hall_lemuel
Temple:   regret_index_temple_generic_petals
Lair:1:   layout_gridlike, kennysheep_rathole, infiniplex_staircase_pool
Lair:2:   layout_roguey, minmay_swamp_entry_reptiles,
          minmay_snake_entry_six_corridors, lemuel_another_geyser
Lair:3:   layout_small_grid, eino_small_chamber_without_monster,
          uniq_prince_ribbit2
Lair:4:   layout_loops_ring, serial_bayou_ford_a
Lair:5:   layout_cave_pods, grunt_forest_large_clearings, uniq_nessos
Lair:6:   due_jungle_book, layout_gridlike, slime_altar_2,
          gammafunk_ghost_necromancy, grunt_megastairs_2
Orc:1:    layout_caves, serial_shops, shop, portal_ice_cave_demonic_guard
Orc:2:    grunt_orc_tribal_feast, layout_caves, bloody_trog

Skill      XL: |  1  2  3  4  5  6  7  8  9 10 11 12 13 14 |
---------------+-------------------------------------------+-----
Unarmed Combat | 4 5 6 7 8 10 11 12 | 12.3
Transmutations | 3 4 5 6 8 9 11 | 11.9
Fighting       | 2 3 4 5 7 9 10 | 10.0
Poison Magic   | 2 |  2.0
Invocations    | 3 4 5 8 10 | 10.0
Dodging        | 2 3 4 |  4.0
Spellcasting   | 4 5 7 |  7.4
Ice Magic      | 5 7 8 |  8.0
Armour         | 4 5 |  5.4
Evocations     | 2 5 |  5.0

Action                   |  1- 3 |  4- 6 |  7- 9 | 10-12 | 13-15 || total
-------------------------+-------+-------+-------+-------+-------++-------
Melee: Dagger            |    53 |       |       |       |       ||    53
       Punch             |     1 |     2 |     6 |    17 |    35 ||    61
       Unarmed           |     3 |   146 |   395 |   430 |   402 ||  1376
       Headbutt          |       |    12 |    19 |     7 |    43 ||    81
       Constrict         |       |       |       |       |   106 ||   106
 Cast: Sticks to Snakes  |     1 |     6 |     8 |     6 |       ||    21
       Beastly Appendage |       |    18 |    25 |     9 |    24 ||    76
       Spider Form       |       |     4 |    27 |     3 |     2 ||    36
       Blade Hands       |       |       |       |    39 |    34 ||    73
       Ice Form          |       |       |       |    14 |       ||    14
Invok: Bend Time         |       |       |     1 |     1 |       ||     2
       Temporal Distorti |       |       |       |     1 |       ||     1
       Slouch            |       |       |       |     1 |     6 ||     7
       Step From Time    |       |       |       |     1 |       ||     1
 Abil: Spit Poison       |    14 |    18 |    12 |     4 |       ||    48
       End Transformatio |       |       |     1 |     5 |     1 ||     7
Evoke: Wand              |       |       |       |     1 |    12 ||    13
  Use: Scroll            |       |     5 |     3 |    18 |    16 ||    42
       Potion            |       |       |     3 |     5 |     4 ||    12
 Stab: Sleeping          |       |       |     2 |       |       ||     2
       Paralysed         |       |       |       |     1 |       ||     1
  Eat: Chunk             |     1 |     1 |    11 |    23 |    15 ||    51
       Ration            |       |     3 |     2 |     2 |     4 ||    11
Armor: Robe              |    15 |    24 |    32 |    19 |       ||    90
       Skin              |       |       |    15 |    37 |       ||    52
       Scale mail        |       |       |       |    67 |   167 ||   234
Dodge: Dodged            |    36 |    82 |   249 |   236 |   212 ||   815
Block: Other             |       |       |    28 |    89 |   167 ||   284
       Reflection        |       |       |       |     7 |    11 ||    18
